 Dungeon Sprint DCSS version bcrawl-1.23.1-30-gcf7fa35852 (webtiles) character file.

Game seed: 481515401886832519

1272 funkygono the Devastator (level 8, -4/45 HPs)
             Began as an Avariel Conjurer on May 30, 2020.
             Was a Believer of Vehumet.
             Engulfed by Xepu Titt the pandemonium lord's freezing vapour (13 damage)
             ... in the Dungeon (Sprint V: "Ziggurat Sprint").
             The game lasted 00:06:09 (349 turns).

funkygono the Devastator (Avariel Conjurer)          Turns: 349, Time: 00:06:10

Health: -4/45      AC: 21    Str: 18    XL:     8   Next: 53%
Magic:  11/22      EV:  3    Int: 60    God:    Vehumet [**....]
Gold:   0          SH:  0    Dex: 13    Spells: 12/23 levels left

rFire    . . .     SeeInvis .   J - +6 Majin-Bo {vamp, *Drain Str+12 Int+24}
rCold    . . .     Gourm    .   (shield currently unavailable)
rNeg     . . .     Faith    .   t - +5 crystal plate armour
rPois    .         Spirit   .   (no helmet)
rElec    .         Reflect  .   (no cloak)
rCorr    .         Harm     .   (no gloves)
MR       .....     NoTele   +   (no boots)
Stlth    ..........             (no amulet)
HPRegen  0.15/turn              E - +6 ring of intelligence
MPRegen  0.18/turn              F - +6 ring of intelligence

@: no status effects
A: no striking features
a: Renounce Religion


You were in the Dungeon.
You worshipped Vehumet.
Vehumet was pleased with you.
You were not hungry.

You visited 1 branch

Inventory:

Hand Weapons
 J - the +6 Majin-Bo (weapon) {vamp, *Drain Str+12 Int+24}
   (You found it in the Dungeon)

   It inflicts no extra harm, but heals its wielder when it wounds a living foe.
   It affects your strength (+12).
   It affects your intelligence (+24).
   It causes draining when unequipped.
Armour
 t - a +5 crystal plate armour (worn)
 u - +5 fire dragon scales
 w - +5 ice dragon scales
 x - +5 shadow dragon scales
 y - +5 storm dragon scales
Jewellery
 v - an uncursed ring of insulation
 E - a +6 ring of intelligence (left hand)
 F - a +6 ring of intelligence (right hand)
 H - a +6 ring of strength
Wands
 z - a wand of disintegration (7)
 A - a wand of iceblast (6)
 B - a wand of acid (7)
Scrolls
 i - 4 scrolls of blinking
 l - a scroll of brand weapon
 o - 4 scrolls of amnesia
 p - 7 scrolls of fog
 q - 5 scrolls of identify
 r - 5 scrolls of remove curse
 s - 2 scrolls of fear
Potions
 b - 2 potions of brilliance
 c - 8 potions of magic
 d - 10 potions of curing
 f - 10 potions of heal wounds
 g - 6 potions of haste
 h - 3 potions of berserk rage
 j - 2 potions of invisibility
 k - 4 potions of resistance
 m - 5 potions of agility
 n - 5 potions of might
Miscellaneous
 I - a lightning rod (4/4)
Comestibles
 a - 7 chunks of flesh
 e - 6 rations {!d}


   Skills:
 + Level 2.6 Fighting
 + Level 4.2 Staves
 + Level 3.1 Armour
 + Level 6.0 Dodging
 - Level 5.2 Stealth
 + Level 8.3 Spellcasting
 + Level 18.1 Conjurations


You had 12 spell levels left.
You knew the following spells:

 Your Spells              Type           Power        Failure   Level  Hunger
a - Magic Dart            Conj           ####         1%          1    None
b - Searing Ray           Conj           ########     1%          2    None
c - Iskenderun's Mystic   Conj           ########     1%          3    None
d - Fulminant Prism       Conj/Hex       #######...   16%         4    None
e - Flame Tongue          Conj/Fire      #####        1%          1    None

Your spell library contained the following spells:

 Spells                   Type           Power        Failure   Level  Hunger
 Sandblast                Erth           ####..       50%         1    None
 Irradiate                Conj/Tmut      #######...   36%         5    None


Dungeon Overview and Level Annotations

Branches:
Dungeon (1/1)

Altars:
Ashenzari
Cheibriados
Dithmenos
Elyvilon
Fedhas
Gozag
Hepliaklqana
Kikubaaqudgha
Lugonu
Makhleb
Nemelex Xobeh
Okawaru
Qazlal
Ru
Sif Muna
Trog
Uskayaw
Vehumet
Wu Jian
Xom
Yredelemnul
Zin
The Shining One
Beogh
Jiyva

Annotations:
D 1 transporter


Message History

Confirm with . or Enter, or press ? or * to list all spells.
Aiming: Iskenderun's Mystic Blast (safe; 1% risk of failure)
Press: ? - help, Shift-Dir - straight line, f/p - Xepu Titt
Aim: Xepu Titt (lightly wounded)
The orb of energy hits Xepu Titt!!
Xepu Titt is moderately wounded.
You are engulfed in freezing vapours.
* * * LOW HITPOINT WARNING * * *
Casting: Iskenderun's Mystic Blast (safe; 1% risk of failure)
Confirm with . or Enter, or press ? or * to list all spells.
Aiming: Iskenderun's Mystic Blast (safe; 1% risk of failure)
Press: ? - help, Shift-Dir - straight line, f/p - Xepu Titt
Aim: Xepu Titt (moderately wounded)
The orb of energy hits Xepu Titt!!
Xepu Titt is heavily wounded.
The orb of energy explodes!
The mystic blast hits the Shadow Fiend!
The Shadow Fiend is lightly wounded.
* * * LOW HITPOINT WARNING * * *
You are engulfed in freezing vapours.
You die...

▓▓▓▓▓▓▓▓▓▓▓▓▓▓▓▓▓▓▓
▓.8©8.▓.8©8.▓.8©8.▓
▓.[!|.▓.)...▓.....▓
▓.5}..▓.....▓....)▓
▓.1&..▓.....▓.....▓
▓..○.☼▓.|)..▓.....▓
▓.§○○☼▓..)..▓..©..▓
▓○☼@☼.▓..©..▓▓▓▓▓▓▓
▓▓▓▓▓▓▓▓▓▓▓▓▓


You could see Xepu Titt, a Shadow Fiend and an iron imp.

Vanquished Creatures
  3 draconians (D)
  A floating eye (D)
  A jelly (D)
  A shadow imp (D)
  An ufetubus (D)
7 creatures vanquished.

Notes
Turn   | Place    | Note
-------+----------+-------------------------------------------
     0 | D        | funkygono the Avariel Conjurer began the quest for the Orb.
     0 | D        | Reached XP level 1. HP: 10/10 MP: 6/6
     0 | D        | Found a shimmering blue altar of Sif Muna.
     0 | D        | Found a sacrificial altar of Ru.
     0 | D        | Found a bloodstained altar of Trog.
     0 | D        | Found a stormy altar of Qazlal.
     0 | D        | Found an iron altar of Okawaru.
     0 | D        | Found a sparkling altar of Nemelex Xobeh.
     0 | D        | Found a blossoming altar of Fedhas.
     1 | D        | Found the +6 Majin-Bo {vamp, *Drain Str+12 Int+24}
     1 | D        | Found the +7 great mace "Firestarter" {inner flame, rF++}
     2 | D        | Found a transporter.
     2 | D        | Found an ancient bone altar of Kikubaaqudgha.
     2 | D        | Found a viscous altar of Jiyva.
     2 | D        | Found a corrupted altar of Lugonu.
     2 | D        | Found a hazy altar of Hepliaklqana.
     2 | D        | Found a burning altar of Makhleb.
     2 | D        | Found an opulent altar of Gozag.
    26 | D        | Found the +9 heavy crossbow "Sniper" {velocity, Acc+∞ SInv}
    26 | D        | Found the +10 dark maul {crush}
    26 | D        | Found the +15 Maxwell's patent armour {-Cast -Tele rElec
                  | MR+ rCorr}
    26 | D        | Found the +18 shield of the Gong {rElec rN+ MR+ EV-5}
    26 | D        | Found the cursed +14 obsidian axe {chop, +Fly SInv *Curse}
    28 | D        | Found the +6 shillelagh "Devastator" {shatter}
    28 | D        | Found the +11 plutonium sword {*Contam Stlth-}
    28 | D        | Found the +8 lance "Wyrmbane" {slay drac, rPois rF+ rC+
                  | AC+3}
    28 | D        | Found the +9 sword of Zonguldrok {reap}
    28 | D        | Found the cursed +13 scythe of Curses {drain, *Curse}
    28 | D        | Found the +0 sword of Power
    28 | D        | Found the +7 mace of Variability {chain chaos}
    28 | D        | Found the +7 Singing Sword {slice}
    28 | D        | Found the +7 longbow "Piercer" {penet, EV-2}
   111 | D        | Became a worshipper of Vehumet
   118 | D        | Reached skill level 6 in Conjurations
   118 | D        | Reached XP level 2. HP: 18/18 MP: 7/9
   140 | D        | Learned a level 2 spell: Searing Ray
   177 | D        | Entered arena 2.
   177 | D        | Noticed a floating eye
   177 | D        | Found a transporter.
   179 | D        | Reached skill level 8 in Conjurations
   179 | D        | Reached XP level 3. HP: 22/22 MP: 11/11
   179 | D        | Paralysed by a floating eye for 2 turns
   182 | D        | Killed a floating eye
   182 | D        | Reached skill level 5 in Spellcasting
   182 | D        | Reached skill level 11 in Conjurations
   182 | D        | Reached XP level 4. HP: 26/27 MP: 10/13
   182 | D        | Reached XP level 5. HP: 30/31 MP: 10/14
   188 | D        | Learned a level 3 spell: Iskenderun's Mystic Blast
   193 | D        | Learned a level 4 spell: Fulminant Prism
   195 | D        | Got the cursed +1 morningstar "Exupnim" {freeze, +Fly}
   210 | D        | Entered arena 3.
   210 | D        | Noticed a draconian
   210 | D        | Noticed a draconian
   210 | D        | Noticed a draconian
   210 | D        | Found a transporter.
   213 | D        | Killed a draconian
   213 | D        | Reached * piety under Vehumet
   213 | D        | Offered knowledge of Flame Tongue by Vehumet.
   213 | D        | Reached skill level 5 in Dodging
   213 | D        | Reached skill level 15 in Conjurations
   213 | D        | Reached XP level 6. HP: 30/36 MP: 5/17
   213 | D        | Reached XP level 7. HP: 33/40 MP: 5/19
   214 | D        | Killed a draconian
   214 | D        | Reached skill level 16 in Conjurations
   214 | D        | Reached XP level 8. HP: 34/45 MP: 2/21
   226 | D        | Killed a draconian
   226 | D        | Reached skill level 5 in Stealth
   226 | D        | Reached skill level 18 in Conjurations
   237 | D        | Learned a level 1 spell: Flame Tongue
   345 | D        | Entered arena 4.
   345 | D        | Noticed Xepu Titt the pandemonium lord
   345 | D        | Found a transporter.
   346 | D        | Noticed a Shadow Fiend
   346 | D        | Reached ** piety under Vehumet
   346 | D        | Offered knowledge of Sandblast by Vehumet.
   349 | D        | Engulfed by Xepu Titt the pandemonium lord's freezing
                  | vapour

Skill      XL: |  1  2  3  4  5  6  7  8 |
---------------+-------------------------+-----
Fighting       | 2 |  2.6
Staves         | 2 3 4 |  4.2
Armour         | 3 |  3.1
Dodging        | 3 4 5 6 |  6.0
Spellcasting   | 4 5 6 7 8 |  8.3
Conjurations   | 6 8 11 15 16 18 | 18.1
Stealth        | 3 4 5 |  5.2

Action                   |  1- 3 |  4- 6 |  7- 9 || total
-------------------------+-------+-------+-------++-------
Melee: Quarterstaff      |     1 |       |     8 ||     9
 Cast: Magic Dart        |     1 |     1 |     1 ||     3
       Iskenderun's Myst |       |     2 |     6 ||     8
       Searing Ray       |       |       |     1 ||     1
Evoke: Wand              |     1 |       |       ||     1
  Use: Potion            |     1 |       |       ||     1
  Eat: Ration            |     1 |       |       ||     1
Armor: Ice dragon scales |       |       |     3 ||     3
Dodge: Dodged            |       |       |     5 ||     5
